AoeStats
← Sir Fart a lot

Golden Pit

509649175Analyzed
1v1 RM · 3d ago on Sep 27, 2026· 14m 1s· 2 players
Game mode
Random Map
Map size
Tiny (2 player)
Population
200
Speed
Normal
Resources
Standard
Victory
Conquest
Starting age
Dark Age
Ending age
Imperial Age
RankedLock teamsTeams togetherTeam positionsShared explorationLock speedFull tech treeHidden civsTurbo modeCheats
Victory
Defeat
🇨🇴 Magyars · Colombia
1068
+15
🇨🇭 Goths · Switzerland
1040
-15
Sir Fart a lot
10:18 Feudal Age
10:25 Loom
11:15 Double-Bit Axe
11:53 Gold Mining
12:32 Horse Collar
NTM.daniel.echeverri3
6:41 Loom
9:12 Feudal Age
11:19 Horse Collar
Connection lost

Rejoining the realm…

Still unreachable

The connection could not be restored.

Session expired

The server has moved on; the page needs a fresh start.